 Dungeon Crawl Stone Soup version 0.20.1-1-g8b1a95d (webtiles) character file.

78834 dvd the Geomancer (level 14, -2/110 HPs)
             Began as a Demigod Earth Elementalist on Sept 25, 2017.
             Killed from afar by an orc sorcerer (33 damage)
             ... with a bolt of negative energy
             ... on level 2 of the Orcish Mines on Sept 27, 2017.
             The game lasted 01:37:39 (27055 turns).

dvd the Geomancer (Demigod Earth Elementalist)     Turns: 27055, Time: 01:37:40

Health: -2/110     AC: 24    Str: 22    XL:     14   Next: 78%
Magic:  7/34       EV: 13    Int: 25    God:
Gold:   1695       SH:  4    Dex: 18    Spells: 17/36 levels left

rFire    . . .     SeeInvis .   a - +10 mace of Haduod {freeze, Str+6}
rCold    + . .     Gourm    .   P - +0 buckler
rNeg     . . .     Faith    .   g - +4 scale mail of the Kangaroo {rElec Str+3 Int+2 Stlth-}
rPois    +         Spirit   .   h - +2 helmet
rElec    +         Reflect  .   v - +2 cloak
rCorr    .         Harm     .   M - +2 pair of gloves
MR       +....                  W - +2 pair of boots
Stlth    ++........             f - amulet of regeneration
Regen    0.7/turn               e - ring of the Townfolk {Wiz Slay+5 Stlth+}
MPRegen  0.3/turn               R - ring "Qaoje" {Ice Slay+2}

@: drained
A: hooves 1, fire resistance 1, high mp 1, poison resistance
a: no special abilities


You were on level 2 of the Orcish Mines.
You were not hungry.

You visited 4 branches of the dungeon, and saw 21 of its levels.
You also visited: Ice Cave.

You collected 1904 gold pieces.
You spent 209 gold pieces at shops.

Inventory:

Hand Weapons
 a - the +10 mace of Haduod (weapon) {freeze, Str+6}
   (You found it on level 6 of the Dungeon)

   It has been specially enchanted to freeze those struck by it, causing extra
   injury to most foes and up to half again as much damage against particularly
   susceptible opponents.
   It can also slow down cold-blooded creatures.
   It affects your strength (+6).
 C - the +8 shortbow "Foumof" {venom, rF+}
   (You found it in an ice cave)

   It poisons the ammo it fires.
   It protects you from fire.
 I - the +10 hunting sling "Iddeejiw" {venom, rN+}
   (You found it in an ice cave)

   It poisons the ammo it fires.
   It protects you from negative energy.
 X - a +4 scimitar of flaming
 Y - a +6 war axe of freezing
Missiles
 E - 553 stones (quivered)
Armour
 g - the +4 scale mail of the Kangaroo (worn) {rElec Str+3 Int+2 Stlth-}
   (You found it on level 9 of the Dungeon)

   It affects your strength (+3).
   It affects your intelligence (+2).
   It insulates you from electricity.
   It makes you less stealthy.
 h - a +2 helmet (worn)
 v - a +2 cloak (worn)
 y - a +4 scale mail of fire resistance
 H - a +3 leather armour of poison resistance
 M - a +2 pair of gloves (worn)
 P - a +0 buckler (worn)
 W - a +2 pair of boots (worn)
Jewellery
 e - the ring of the Townfolk (left hand) {Wiz Slay+5 Stlth+}
   (You found it on level 12 of the Dungeon)

   [ring of wizardry]

   It improves your spell success rate.
   It affects your accuracy and damage with ranged weapons and melee attacks
   (+5).
   It makes you more stealthy.
 f - an amulet of regeneration (around neck)
 p - the amulet of Himyenug {Spirit rElec}
   (You found it on level 6 of the Lair of Beasts)

   [amulet of guardian spirit]

   It causes incoming damage to be split between your health and magic.
   It insulates you from electricity.
 F - a +2 ring of strength
 O - an uncursed ring of protection from cold
 R - the ring "Qaoje" (right hand) {Ice Slay+2}
   (You found it on level 8 of the Dungeon)

   [ring of ice]

   It enhances your ice magic.
   It affects your accuracy and damage with ranged weapons and melee attacks
   (+2).
   It makes you vulnerable to fire.
   It protects you from cold.
 U - an uncursed ring of protection from fire
Wands
 b - a wand of confusion (27/48)
 m - a wand of acid (14/15)
 J - a wand of flame (29/48)
 K - a wand of disintegration (14/24)
 N - a wand of lightning (10/15)
 S - a wand of iceblast (8/15)
 Z - a wand of acid (6/15)
Scrolls
 i - 2 scrolls of amnesia
 j - 5 scrolls of fear
 o - a scroll of fog
 q - 11 scrolls of identify
 r - 10 scrolls of teleportation
 s - 11 scrolls of remove curse
 T - a scroll of magic mapping
Potions
 c - a potion of flight
 k - 2 potions of might
 u - 5 potions of haste
 z - 2 potions of heal wounds
 A - 8 potions of curing
 B - a potion of mutation
 D - 3 potions of berserk rage
 G - 3 potions of brilliance
 Q - 2 potions of cancellation
Books
 t - a book of Conjurations

   Spells                             Type                      Level
   a - Magic Dart                     Conjuration                  1
   b - Searing Ray                    Conjuration                  2
   c - Dazzling Spray                 Conjuration/Hexes            3
   d - Fulminant Prism                Conjuration/Hexes            4
   e - Force Lance                    Conjuration/Translocation    4
   f - Iskenderun's Mystic Blast      Conjuration                  4
 L - a book of Party Tricks

   Spells                             Type                      Level
   a - Summon Butterflies             Summoning                    1
   b - Apportation                    Translocation                1
   c - Lesser Beckoning               Translocation                3
   d - Tukima's Dance                 Hexes                        3
   e - Alistair's Intoxication        Transmutation/Poison         5
   f - Invisibility                   Hexes                        6
Comestibles
 d - 20 bread rations
 l - 26 fruits
 n - 3 royal jellies
 w - 6 meat rations
 x - 2 chunks of flesh


   Skills:
 + Level 6.0(4.9) Fighting
   Level 1.1(0.2) Short Blades
 + Level 9.9(9.0) Maces & Flails
   Level 3.1(6.0) Staves
 + Level 7.4(6.3) Armour
 + Level 6.8(5.7) Dodging
 + Level 6.0(5.0) Stealth
 + Level 0.6(0.0) Shields
 + Level 11.7(10.5) Spellcasting
 + Level 6.7(5.7) Conjurations
 + Level 0.1(0.0) Translocations
 + Level 3.1(2.2) Transmutations
 + Level 12.5(11.2) Earth Magic
 + Level 1.0(0.1) Evocations


You had 17 spell levels left.
You knew the following spells:

 Your Spells              Type           Power        Failure   Level  Hunger
a - Sandblast             Erth           ######       1%          1    None
b - Stone Arrow           Conj/Erth      ######       1%          3    None
c - Petrify               Tmut/Erth      #####...     4%          4    None
d - Lee's Rapid Deconstr  Erth           ######....   1%          5    ####...
e - Apportation           Tloc           ##....       8%          1    None
f - Irradiate             Conj/Tmut      ####......   38%         5    ####...


Dungeon Overview and Level Annotations

Branches:
Dungeon (12/15)            Temple (1/1) D:6            Lair (6/6) D:9
 Shoals (0/4) Lair:3       Spider (0/4) Lair:2        Slime (0/5) Lair:6
    Orc (2/2) D:12            Elf (0/3) Orc:2

Shops:
D:5 !   D:11 *   Orc:2 (

Annotations:
D:3 raph's ghost, amateur MiGl
Lair:6 1 runed door


Innate Abilities, Weirdness & Mutations

You have an increased reservoir of magic. (+10% MP)
You have large cloven feet.
Your flesh is heat resistant. (rF+)
Your system is resistant to poisons. (rPois)


Message History

Something smites you!
* * * LOW HITPOINT WARNING * * *
You feel much better. The soul eater hits you!
* * * LOW HITPOINT WARNING * * *
The orc closely misses you.
The orc warrior hits you but does no damage.
Unknown command.
Sorry, you're not good enough to have a special ability.
Unknown command.
Unknown command.
As you read the scroll of fear, it crumbles to dust.
You assume a fearsome visage.
The smoke demon is unaffected.
The soul eater is unaffected.
The orc looks frightened!
The orc warrior looks frightened!
The soul eater barely misses you.
Unknown command.
An orc comes into view. It is wielding a whip.
The smoke demon disappears in a puff of smoke!
The orc sorcerer gestures at you while chanting.
The bolt of negative energy hits you!
You feel drained.
You die...

#.# #.##(....#########.##
..# ...#...).# # ...
##......((# ..# ##
.........[# ##.#
#......).#####
#...####....o..)o§..#
#...#........).#o..#
##.......$..3..#..)'..#
##...........@..########
##...<.[.[............
.......oo)[.........#...
..#####..[[..............
##o...o............
#.................
#o...............
'...............#
#.......##


You could see a soul eater, an orc sorcerer and 2 orcs.

Vanquished Creatures
  Kirke (Lair:4)
  An orc warlord (Orc:2)
  Snorg (Orc:1)
  11 hydras
  An ogre mage (D:10)
  A catoblepas (Lair:2)
  A merfolk avatar (Lair:6)
  8 two-headed ogres
  6 death yaks
  An orc high priest (Orc:2)
  An unseen horror (D:9)
  A harpy (Lair:6)
  A necromancer (IceCv)
  6 oklob plants
  An orb spider (Lair:2)
  An orc knight (Orc:2)
  2 cyclopes (D:12)
  A wolf spider zombie (D:12)
  3 orc sorcerers (Orc:2)
  An ugly thing (D:12)
  2 manticores
  3 black mambas
  9 elephants
  16 spiny frogs
  2 ice statues (IceCv)
  An efreet (D:9)
  12 komodo dragons
  A centaur skeleton (D:11)
  5 rime drakes
  7 ice devils (IceCv)
  A meliai (D:12)
  4 trolls
  2 polar bears (Lair:6)
  A wind drake (Lair:6)
  3 hornets (Lair:6)
  10 hippogriffs
  8 slime creatures
  15 blink frogs
  A vampire (D:11)
  8 wyverns
  A wraith (D:10)
  22 yaks
  A spriggan (D:8)
  Eustachio (D:5)
  A hungry ghost (D:12)
  3 hogs (Lair:4)
  A warg (Orc:2)
  9 porcupines
  20 orc warriors
  14 water moccasins
  3 sky beasts
  3 phantoms
  12 ice beasts
  A necrophage (D:8)
  5 black bears
  45 wolves
  An eye of draining (D:11)
  14 ogres
  21 crocodiles
  6 centaurs
  2 big kobolds
  A gnoll sergeant (D:7)
  22 bullfrogs
  2 scorpions
  2 wyvern skeletons
  A water moccasin skeleton (D:9)
  4 killer bees
  8 wights
  A howler monkey (D:10)
  An electric eel (Lair:1)
  11 crimson imps
  5 hounds
  A quasit (D:11)
  2 jellies
  15 orc priests
  2 bullfrog zombies
  4 draconian simulacra (IceCv)
  Crazy Yiuf (D:2)
  A bullfrog skeleton (D:12)
  Jessica (D:4)
  5 iguanas
  14 worker ants
  Natasha (thrice) (D:2)
  16 orc wizards
  Terence (D:2)
  2 troll simulacra (IceCv)
  A centaur simulacrum (IceCv)
  2 hound zombies
  2 hound skeletons
  Robin (D:3)
  2 worker ant zombies
  8 gnolls
  2 naga simulacra (IceCv)
  An ogre simulacrum (IceCv)
  15 adders
  A river rat (D:3)
  6 shadow imps
  An ooze (D:4)
  2 adder skeletons
  6 worms
  2 dart slugs (D:1)
  5 leopard geckos
  75 orcs
  2 giant cockroaches
  22 goblins
  11 hobgoblins
  26 jackals
  6 quokkas
  4 ball pythons
  10 bats
  13 frilled lizards
  19 kobolds
  A leopard gecko skeleton (D:4)
  A quokka skeleton (D:6)
  17 rats
  A fungus (Lair:6)
  A plant (Lair:1)
739 creatures vanquished.

Vanquished Creatures (others)
  A human (Lair:4)
  A water moccasin (Lair:4)
  A porcupine (Lair:4)
  18 fungi
  17 plants
38 creatures vanquished.

Grand Total: 777 creatures vanquished

Notes
Turn   | Place    | Note
-------+----------+-------------------------------------------
     0 | D:1      | dvd the Demigod Earth Elementalist began the quest for the Orb.
     0 | D:1      | Reached XP level 1. HP: 14/14 MP: 5/5
   168 | D:1      | Reached skill level 3 in Earth Magic
   268 | D:1      | Reached XP level 2. HP: 20/20 MP: 5/7
   682 | D:1      | Reached XP level 3. HP: 18/26 MP: 9/9
   695 | D:1      | Learned a level 3 spell: Stone Arrow
  1610 | D:2      | Noticed Terence
  1645 | D:2      | Killed Terence
  1645 | D:2      | Reached XP level 4. HP: 24/33 MP: 3/10
  1738 | D:2      | Noticed Natasha
  1746 | D:2      | Killed Natasha
  2039 | D:2      | Reached skill level 4 in Earth Magic
  2101 | D:2      | Noticed Natasha
  2106 | D:2      | Killed Natasha
  2108 | D:2      | Noticed Natasha
  2113 | D:2      | Killed Natasha
  2113 | D:2      | Reached XP level 5. HP: 29/38 MP: 1/12
  2238 | D:2      | Found a runed door.
  2242 | D:2      | Noticed Crazy Yiuf
  2250 | D:2      | Killed Crazy Yiuf
  2571 | D:3      | Noticed Robin
  2616 | D:3      | Killed Robin
  2648 | D:3      | Reached XP level 6. HP: 45/45 MP: 2/14
  2654 | D:3      | Learned a level 4 spell: Petrify
  2810 | D:3      | Noticed raph's ghost (amateur MiGl)
  3036 | D:4      | Learned a level 5 spell: Lee's Rapid Deconstruction
  3523 | D:4      | Reached skill level 1 in Staves
  3703 | D:4      | Reached skill level 5 in Earth Magic
  3804 | D:3      | Reached XP level 7. HP: 51/51 MP: 5/16
  4195 | D:3      | Noticed Jessica
  4241 | D:4      | Killed Jessica
  4241 | D:4      | Reached skill level 1 in Short Blades
  4948 | D:5      | Entered Level 5 of the Dungeon
  4953 | D:5      | Found Joebai's Distillery.
  4973 | D:5      | Bought a potion of curing for 33 gold pieces
  5118 | D:5      | Noticed Eustachio
  5142 | D:5      | Reached skill level 1 in Fighting
  5204 | D:4      | Reached skill level 6 in Earth Magic
  5330 | D:5      | Reached XP level 8. HP: 59/59 MP: 8/18
  5334 | D:5      | Gained mutation: Your system is resistant to poisons. (rPois) [mutagenic meat]
  5335 | D:5      | Gained mutation: You expend magic power (3 MP) to strengthen your wands. [mutagenic meat]
  5337 | D:5      | Gained mutation: You are frail. (-10% HP) [mutagenic meat]
  5352 | D:5      | Found a shattered altar of Ashenzari.
  5401 | D:5      | Found a stormy altar of Qazlal.
  5501 | D:5      | Found a hazy altar of Hepliaklqana.
  5640 | D:5      | Killed Eustachio
  5686 | D:5      | Bought 2 potions of mutation for 176 gold pieces
  5686 | D:5      | Lost mutation: You expend magic power (3 MP) to strengthen your wands. [potion of mutation]
  5686 | D:5      | Lost mutation: You are frail. (-10% HP) [potion of mutation]
  5686 | D:5      | Gained mutation: You are covered in fur. (AC +1) [potion of mutation]
  5686 | D:5      | Lost mutation: You are covered in fur. (AC +1) [potion of mutation]
  5686 | D:5      | Gained mutation: You have large cloven feet. [potion of mutation]
  5686 | D:5      | Gained mutation: Your flesh is heat resistant. (rF+) [potion of mutation]
  5696 | D:5      | Reached skill level 5 in Spellcasting
  6344 | D:6      | Got a shimmering mace
  6345 | D:6      | Identified the +10 mace of Haduod {freeze, Str+6} (You found it on level 6 of the Dungeon)
  6426 | D:6      | Reached skill level 1 in Conjurations
  6709 | D:6      | Found an iron altar of Okawaru.
  6780 | D:6      | Found a staircase to the Ecumenical Temple.
  6786 | Temple   | Entered the Ecumenical Temple
  7279 | D:7      | Noticed a hippogriff
  7284 | D:7      | Killed a hippogriff
  7284 | D:7      | Reached skill level 1 in Maces & Flails
  7284 | D:7      | Reached skill level 1 in Armour
  7284 | D:7      | Reached skill level 7 in Earth Magic
  7413 | D:7      | Reached XP level 9. HP: 60/67 MP: 21/21
  7751 | D:7      | Found a glowing golden altar of the Shining One.
  8210 | D:8      | Noticed a two-headed ogre
  8288 | D:8      | Found a bloodstained altar of Trog.
  8471 | D:8      | Killed a two-headed ogre
  8605 | D:8      | Got a transparent iron ring
  8606 | D:8      | Identified the ring "Qaoje" {Ice Slay+2} (You found it on level 8 of the Dungeon)
  8761 | D:8      | Reached XP level 10. HP: 74/74 MP: 16/23
  8955 | D:8      | Found a snail-covered altar of Cheibriados.
  8959 | D:8      | Identified the Papyrus of Captivating Moulding
  9005 | D:8      | Found a basalt altar of Yredelemnul.
  9063 | D:8      | Found a white marble altar of Elyvilon.
  9222 | D:9      | Found a staircase to the Lair.
  9222 | D:9      | Noticed a two-headed ogre
  9228 | D:9      | Killed a two-headed ogre
  9228 | D:9      | Reached skill level 5 in Maces & Flails
  9286 | D:9      | Noticed a two-headed ogre
  9291 | D:9      | Killed a two-headed ogre
  9291 | D:9      | Reached skill level 8 in Earth Magic
  9490 | D:9      | Reached skill level 1 in Transmutations
  9516 | D:9      | Noticed a two-headed ogre
  9527 | D:9      | Killed a two-headed ogre
  9749 | D:9      | Found a sparkling altar of Nemelex Xobeh.
 10109 | D:9      | Noticed an oklob plant
 10261 | D:9      | Found a shadowy altar of Dithmenos.
 10276 | D:9      | Killed an oklob plant
 10316 | D:9      | Found a burning altar of Makhleb.
 10366 | D:9      | Got a twisted scale mail
 10377 | D:9      | Identified the +4 scale mail of the Kangaroo {rElec Str+3 Int+2 Stlth-} (You found it on level 9 of the Dungeon)
 10479 | D:9      | Killed an unseen horror
 10479 | D:9      | Reached XP level 11. HP: 81/82 MP: 4/26
 10632 | Lair:1   | Entered Level 1 of the Lair of Beasts
 10714 | Lair:1   | Reached skill level 5 in Dodging
 10747 | Lair:1   | Learned a level 1 spell: Sandblast
 10958 | Lair:1   | Noticed an eight-headed hydra
 10966 | Lair:1   | Killed an eight-headed hydra
 10966 | Lair:1   | Reached skill level 9 in Earth Magic
 11737 | Lair:1   | Noticed a five-headed hydra
 11742 | Lair:1   | Killed a five-headed hydra
 11981 | Lair:1   | Noticed a five-headed hydra
 11987 | Lair:1   | Killed a five-headed hydra
 13593 | Lair:2   | Noticed a catoblepas
 13615 | Lair:2   | Killed a catoblepas
 13711 | Lair:2   | Got a transparent rapier
 13715 | Lair:2   | Reached XP level 12. HP: 89/91 MP: 22/29
 13962 | Lair:2   | Found a hole to the Spider Nest.
 13998 | Lair:2   | Reached skill level 10 in Earth Magic
 14464 | Lair:3   | Noticed a five-headed hydra
 14465 | Lair:3   | Noticed an eight-headed hydra
 14471 | Lair:3   | Killed a five-headed hydra
 14476 | Lair:3   | Killed an eight-headed hydra
 14476 | Lair:3   | Reached skill level 1 in Evocations
 14617 | Lair:3   | Found a frozen archway.
 14680 | IceCv    | Entered an ice cave
 15059 | IceCv    | Reached skill level 5 in Armour
 15257 | IceCv    | Got a jewelled shortbow
 15259 | IceCv    | Got an ivory hunting sling
 15722 | Lair:3   | Found a staircase to the Shoals.
 16454 | Lair:4   | Reached skill level 5 in Stealth
 16526 | Lair:4   | Reached skill level 5 in Conjurations
 16684 | Lair:4   | Noticed Kirke
 16701 | Lair:4   | Noticed a four-headed hydra
 16702 | Lair:4   | Killed Kirke
 16709 | Lair:4   | Killed a four-headed hydra
 16709 | Lair:4   | Reached skill level 10 in Spellcasting
 16711 | Lair:4   | Reached skill level 11 in Earth Magic
 16729 | Lair:4   | Reached XP level 13. HP: 36/99 MP: 27/31
 18235 | Lair:5   | Identified the cursed +0 rapier "Ogrebane" {freeze, Dex+9} (You found it on level 2 of the Lair of Beasts)
 18237 | Lair:5   | Identified the +10 hunting sling "Iddeejiw" {venom, rN+} (You found it in an ice cave)
 18238 | Lair:5   | Identified the +8 shortbow "Foumof" {venom, rF+} (You found it in an ice cave)
 18314 | Lair:6   | Entered Level 6 of the Lair of Beasts
 18843 | Lair:6   | Reached skill level 5 in Fighting
 20388 | Lair:6   | Reached XP level 14. HP: 108/108 MP: 26/33
 20442 | Lair:6   | Learned a level 1 spell: Apportation
 20448 | Lair:6   | Learned a level 5 spell: Irradiate
 20837 | Lair:6   | Found a runed door.
 20837 | Lair:6   | Found a viscous altar of Jiyva.
 20902 | Lair:6   | Found a staircase to the Slime Pits.
 20902 | Lair:6   | Noticed an acid blob
 20903 | Lair:6   | Noticed an acid blob
 20939 | Lair:6   | Got an ancient crystal amulet
 20985 | Lair:6   | Identified the amulet of Himyenug {Spirit rElec} (You found it on level 6 of the Lair of Beasts)
 21696 | D:10     | Entered Level 10 of the Dungeon
 22285 | D:10     | Reached skill level 12 in Earth Magic
 23192 | D:11     | Found a hide-covered altar of Uskayaw.
 23231 | D:11     | Found Rogioguj's General Store.
 24021 | D:12     | Found a staircase to the Orcish Mines.
 24480 | D:12     | Got a pitted lead ring
 24482 | D:12     | Identified the ring of the Townfolk {Wiz Slay+5 Stlth+} (You found it on level 12 of the Dungeon)
 25463 | Orc:1    | Entered Level 1 of the Orcish Mines
 25483 | Orc:1    | Noticed Snorg
 25489 | Orc:1    | Killed Snorg
 26168 | Orc:2    | Entered Level 2 of the Orcish Mines
 26188 | Orc:2    | Noticed an orc warlord
 26358 | Orc:2    | Found a roughly hewn altar of Beogh.
 26580 | Orc:2    | Killed an orc warlord
 26920 | Orc:2    | Found a staircase to the Elven Halls.
 26931 | Orc:2    | Found a roughly hewn altar of Beogh.
 26932 | Orc:2    | Found Pinof's Antique Weapon Shoppe.
 27055 | Orc:2    | Killed from afar by an orc sorcerer

Skill      XL: |  1  2  3  4  5  6  7  8  9 10 11 12 13 14 |
---------------+-------------------------------------------+-----
Earth Magic    | 3 4 5 6 7 8 9 11 12 | 12.5
Stealth        | 2 3 4 5 6 |  6.0
Spellcasting   | 2 3 4 5 6 7 8 10 11 | 11.7
Dodging        | 2 3 4 5 6 |  6.8
Staves         | 1 2 3 |  3.1
Short Blades   | 1 |  1.1
Fighting       | 1 2 3 4 5 6 |  6.0
Conjurations   | 1 2 3 4 5 6 |  6.7
Maces & Flails | 1 4 6 7 8 9 |  9.9
Armour         | 1 3 4 5 6 7 |  7.4
Transmutations | 1 2 3 |  3.1
Evocations     | 1 |  1.0
Shields        | |  0.6
Translocations | |  0.1

Action                   |  1- 3 |  4- 6 |  7- 9 | 10-12 | 13-15 || total
-------------------------+-------+-------+-------+-------+-------++-------
Melee: Short sword       |    59 |    11 |       |       |       ||    70
       Unarmed           |     1 |       |       |       |       ||     1
       Quarterstaff      |       |    51 |    34 |       |       ||    85
       Dagger            |       |       |    71 |       |       ||    71
       Mace              |       |       |   123 |   388 |   662 ||  1173
       Kick              |       |       |    33 |    37 |       ||    70
 Cast: Sandblast         |    64 |    84 |    74 |     3 |    13 ||   238
       Stone Arrow       |     4 |    18 |    88 |   150 |   202 ||   462
       Lee's Rapid Decon |       |       |       |    65 |   107 ||   172
       Petrify           |       |       |       |    26 |    12 ||    38
       Irradiate         |       |       |       |       |     4 ||     4
       Apportation       |       |       |       |       |     2 ||     2
Evoke: Wand              |       |       |       |     6 |       ||     6
  Use: Scroll            |       |     2 |     4 |    13 |    15 ||    34
       Potion            |       |       |     8 |     5 |     6 ||    19
 Stab: Paralysed         |       |     2 |     2 |       |       ||     4
       Sleeping          |       |       |     3 |       |       ||     3
       Petrified         |       |       |       |    28 |    23 ||    51
       Petrifying        |       |       |       |       |     3 ||     3
  Eat: Chunk             |     3 |     8 |    22 |    23 |    37 ||    93
       Royal jelly       |       |       |     1 |       |     2 ||     3
       Meat ration       |       |       |       |     3 |     1 ||     4
       Fruit             |       |       |       |     3 |       ||     3
Armor: Robe              |    13 |    19 |    58 |       |       ||    90
       Leather armour    |       |       |    77 |       |       ||    77
       Ring mail         |       |       |       |    25 |       ||    25
       Scale mail        |       |       |       |   171 |   352 ||   523
Dodge: Dodged            |    57 |    66 |   266 |   294 |   501 ||  1184
Block: Buckler           |       |       |       |       |    38 ||    38
